 Dungeon Crawl Stone Soup version 0.28-a0-1447-ga5a8893891 (webtiles) character file.

Game seed: 6235106333513469297

68 knot the Chopper (level 4, 26/35 HPs)
             Began as a Demonspawn Berserker on Jan 12, 2022.
             Was a Believer of Trog.
             Quit the game on level 2 of the Dungeon.
             The game lasted 00:01:39 (2306 turns).

knot the Chopper (Demonspawn Berserker)             Turns: 2306, Time: 00:01:40

Health: 26/35      AC:  2    Str: 17    XL:     4   Next: 1%
Magic:  4/4        EV: 12    Int: 10    God:    Trog [**....]
Gold:   32         SH:  0    Dex: 13    Spells: 3/3 levels left

rFire   . . .      SeeInvis .   a - +0 hand axe
rCold   . . .      Faith    .   (no shield)
rNeg    . . .      Spirit   .   b - +0 animal skin
rPois   .          Reflect  .   (helmet restricted)
rElec   .          Harm     .   (no cloak)
rCorr   .          Rampage  .   (no gloves)
Will    .....                   (no boots)
Stlth   +.........              (no amulet)
HPRegen 0.11/turn               (no ring)
MPRegen 0.09/turn               (no ring)

@: no status effects
A: horns 1, ignite blood 1
a: Renounce Religion, Berserk, Trog's Hand


You were on level 2 of the Dungeon.
You worshipped Trog.
Trog was pleased with you.
You visited 1 branch of the dungeon, and saw 2 of its levels.

You collected 32 gold pieces.

Inventory:

Hand Weapons
 a - a +0 hand axe (weapon)
Missiles
 c - 51 sling bullets
 f - 39 stones (quivered)
Armour
 b - a +0 animal skin (worn)
Jewellery
 l - the ring "Nyl Xiceg" {Drain Will+ AC+4 Int+5}
   (You found it on level 2 of the Dungeon)

   [ring of protection]

   AC:        It affects your AC (+4).
   Int:       It affects your intelligence (+5).
   Drain:     It drains your maximum health when unequipped.
   Will:      It increases your willpower.
Scrolls
 e - 2 scrolls of identify {unknown}
 g - 3 scrolls of teleportation {unknown}
 h - a scroll of blinking {unknown}
 j - a scroll of vulnerability {unknown}
 m - 2 scrolls of enchant armour {unknown}
 n - a scroll of noise {unknown}
Potions
 d - a potion of degeneration {unknown}
 i - a potion of might {unknown}
 k - a potion of lignification {unknown}


   Skills:
 - Level 3.0 Fighting
 + Level 4.4 Axes
 - Level 1.7 Armour
 - Level 1.7 Dodging


You had 3 spell levels left.
You didn't know any spells.
Your spell library contained the following spells:

 Spells                   Type           Power      Damage    Failure   Level
 Ignite Poison            Fire/Tmut/Pois 0%         N/A       75%         3
 Mephitic Cloud           Conj/Pois/Air  0%         N/A       75%         3
 Freezing Cloud           Conj/Ice/Air   0%         6-21      100%        5


Dungeon Overview and Level Annotations

Branches:
Dungeon (2/15)

Altars:
Ashenzari


Innate Abilities, Weirdness & Mutations

You have a pair of small horns on your head.
Your demonic aura sometimes causes spilled blood to erupt in flames.


Message History

The worm is moderately wounded.
You hit the worm. You headbutt the worm!
You kill the worm!
Trog accepts your kill.
Found a scroll labelled CURUEC DIYL and 8 gold pieces.
You start resting.
You feel a strong urge to attack something.
You start resting.
You feel your anger nearly subside.
You are no longer berserk.
You are exhausted.
You feel yourself slow down.
You start resting.
You feel yourself speed up.
You start resting.
You recover from your berserk rage.
You start resting.
You start resting.
HP restored.
Search for what [? for help]? .
You see here a +0 scale mail.
You pick up a Trismegistus Codex and begin reading...
You add the spells Ignite Poison, Mephitic Cloud and Freezing Cloud to your library.
Search for what [Enter for "."]? .
A goblin comes into view. It is wielding a +0 club.
The goblin shouts!
A kobold comes into view. It is wielding a +0 club.
The kobold shouts!
The goblin closely misses you.
You barely miss the goblin. The goblin closely misses you.
You closely miss the goblin. The goblin hits you with a +0 club.
You closely miss the goblin. The goblin hits you with a +0 club.
The kobold misses you.
You hit the kobold but do no damage. You headbutt the kobold.
You kill the kobold!
Trog accepts your kill.
You closely miss the goblin. The goblin hits you with a +0 club.
You have reached level 4!
You feel agile.
Your demonic ancestry asserts itself...
Your blood heats up.
Are you sure you want to abandon this character and quit the game? (Confirm with "yes".)

#....................
#.####.##.#########.# #.
###.##.## #... ####.##.......#
#... ......#.#..##.# #...
......#[#...#.# #####...
............#.###.......
.......g#...#........... ##
......)@.......##....... # ..
...............######... . #.##
.......>.......# #... #...
..###########....### #...
...###...# #....# #...
.#.#$#.#.#########....# ##.#
...#.#............###.# #.#
.........#..#####.###.##### ##.#
..##.##.....#####.#.......####...


You could see a goblin.

Vanquished Creatures
  A hound skeleton (D:2)
  A worm (D:2)
  A dart slug (D:2)
  5 ball pythons
  3 bats (D:1)
  7 endoplasms
  4 giant cockroaches
  3 goblins
  3 hobgoblins
  2 jackals (D:1)
  A quokka (D:1)
  3 frilled lizards
  8 kobolds
  A rat (D:1)
43 creatures vanquished.

Notes
Turn   | Place    | Note
-------+----------+-------------------------------------------
     0 | D:1      | knot the Demonspawn Berserker began the quest for the Orb.
     0 | D:1      | Reached XP level 1. HP: 18/18 MP: 1/1
   141 | D:1      | Reached skill level 3 in Axes
   266 | D:1      | Gained mutation: You have a pair of small horns on your
                  | head. [demonic ancestry]
   266 | D:1      | Reached XP level 2. HP: 12/24 MP: 2/2
  1183 | D:1      | Reached XP level 3. HP: 29/29 MP: 3/3
  1584 | D:2      | Reached skill level 4 in Axes
  1694 | D:2      | Found a broken altar of Ashenzari.
  1818 | D:2      | Identified the ring "Nyl Xiceg" {Drain Will+ AC+4 Int+5}
  2021 | D:2      | Reached ** piety under Trog
  2306 | D:2      | Gained mutation: Your demonic aura sometimes causes spilled
                  | blood to erupt in flames. [demonic ancestry]
  2306 | D:2      | Reached XP level 4. HP: 26/35 MP: 4/4
  2306 | D:2      | Quit the game

Illustrated notes

Levels and vault maps discovered:
D:1:      minmay_arrival_radiant_lines, layout_loops_ring
D:2:      layout_loops_cross, basic_altar,
          hellmonk_ecumenical_altar_inner_sanctum, minmay_fractal_squares_5

Skill      XL: |  1  2  3 |
---------------+----------+-----
Axes           | 3 4 |  4.4
Fighting       | |  3.0
Armour         | |  1.7
Dodging        | |  1.7

Action                   |  1- 3 |  4- 6 || total
-------------------------+-------+-------++-------
Melee: Hand axe          |   108 |       ||   108
       Headbutt          |    13 |       ||    13
       Punch             |     2 |       ||     2
Invok: Berserk           |     2 |       ||     2
 Stab: Sleeping          |     2 |       ||     2
Armor: Animal skin       |    15 |       ||    15
Dodge: Dodged            |    71 |       ||    71

Table legend: (Time is in decaauts)
 A = Elapsed time spent in this place.
 B = Non-inter-level travel time spent in this place.
 C = Inter-level travel time spent in this place.
 D = Time resting spent in this place.
 E = Time spent auto-exploring this place.
 F = Levels seen in this place.
 G = Mean time per level.
                   A        B        C        D        E       F      G
               +--------+--------+--------+--------+--------+-----+--------+
         Total |   2342 |   2272 |     70 |    826 |   1192 |   2 | 1171.0 |
       Dungeon |   2342 |   2272 |     70 |    826 |   1192 |   2 | 1171.0 |
               +--------+--------+--------+--------+--------+-----+--------+

Top non-repeatable levels by time:
     D:1: 1549 daAuts
     D:2: 792 daAuts
